 Dungeon Crawl Stone Soup version 0.27.1-34-g3ba077fa99 (webtiles) character file.

Game seed: 2077440849530334562

1 Sharkman1231 the Ruffian (level 1, -1/16 HPs)
             Began as a Draconian Transmuter on Jan 22, 2022.
             Slain by a jackal (2 damage)
             ... on level 1 of the Dungeon.
             The game lasted 00:00:05 (62 turns).

Sharkman1231 the Ruffian (Draconian Transmuter)       Turns: 62, Time: 00:00:06

Health: -1/16      AC:  4    Str: 12    XL:     1   Next: 16%
Magic:  3/3        EV: 12    Int: 13    God:
Gold:   9          SH:  0    Dex: 11    Spells: 3/4 levels left

rFire    . . .     SeeInvis .     - Unarmed
rCold    . . .     Faith    .   (no shield)
rNeg     . . .     Spirit   .   (armour unavailable)
rPois    .         Reflect  .   (helmet restricted)
rElec    .         Harm     .   (no cloak)
rCorr    .         Rampage  .   (no gloves)
Will     .....                  (no boots)
Stlth    +.........             (no amulet)
HPRegen  0.05/turn              (no ring)
MPRegen  0.08/turn              (no ring)

@: no status effects
A: AC +4, unfitting armour, cold-blooded
a: no special abilities


You were on level 1 of the Dungeon.
You visited 1 branch of the dungeon, and saw 1 of its levels.

You collected 9 gold pieces.

You aren't carrying anything.


   Skills:
 + Level 1.1 Fighting
 - Level 1.7 Dodging
 * Level 3.0 Unarmed Combat
 - Level 2.0 Spellcasting
 + Level 2.0 Transmutations


You had 3 spell levels left.
You knew the following spells:

 Your Spells              Type           Power      Damage    Failure   Level
a - Beastly Appendage     Tmut           12%        N/A       11%         1

Your spell library contained the following spells:

 Spells                   Type           Power      Damage    Failure   Level
 Wereblood                Tmut           6%         N/A       17%         2
 Spider Form              Tmut/Pois      1%         N/A       45%         3
 Ice Form                 Ice/Tmut       3%         N/A       86%         4


Dungeon Overview and Level Annotations

Branches:
Dungeon (1/15)

Altars:


Innate Abilities, Weirdness & Mutations

Your plain brown scales are hard. (AC +4)
You cannot fit into any form of body armour.
You are cold-blooded and may be slowed by cold attacks.


Message History

The jackal closely misses you.
Your transformation is almost over.
The rat twitches its whiskers.
The jackal closely misses you. The rat barely misses you.
The jackal barely misses you.
Unknown command.
You closely miss the jackal. You claw the jackal, but do no damage.
The jackal bites you.
* * * LOW HITPOINT WARNING * * *
The rat misses you.
You barely miss the jackal. Your kick misses the jackal.
The jackal barely misses you. The rat bites you.
* * * LOW HITPOINT WARNING * * *
Unknown command.
The jackal closely misses you.
Unknown command.
You closely miss the jackal. You claw the jackal, but do no damage.
The jackal bites you but does no damage.
You hit the jackal but do no damage. The jackal bites you.
* * * LOW HITPOINT WARNING * * *
Unknown command.
You hit the jackal but do no damage. You headbutt the jackal.
You kill the jackal!
The jackal barely misses you.
You closely miss the jackal. The jackal barely misses you.
Unknown command.
You hit the jackal. Your kick misses the jackal.
The jackal is heavily wounded.
The jackal closely misses you.
You hit the jackal but do no damage. Your kick misses the jackal.
Your headbutt misses the jackal.
You tail-slap the jackal, but do no damage.
The jackal is heavily wounded.
Your horns disappear.
Your talons disappear.
The jackal closely misses you. The jackal bites you.
* * * LOW HITPOINT WARNING * * *
You hit the jackal but do no damage.
The jackal is heavily wounded.
The jackal bites you.
You die...

#. .# ..#.# #.#.# #.#.#
#.#.# #.#.# #...#
#.#####...# #.#.@hh...#
#.#.##r...# #+# #.#.##..#.#
#.##########...##....#
#.##.............#.....#
##'##.............+.........
....#.............##...##...
....'.........#######...# ##
....#######.#.# #...#


You could see 2 jackals and a rat.

Vanquished Creatures
  A jackal (D:1)
1 creature vanquished.

Notes
Turn   | Place    | Note
-------+----------+-------------------------------------------
     0 | D:1      | Sharkman1231 the Draconian Transmuter began the quest for
                  | the Orb.
     0 | D:1      | Reached XP level 1. HP: 16/16 MP: 3/3
    62 | D:1      | Slain by a jackal

Illustrated notes

Levels and vault maps discovered:
D:1:      saegor_arrival_simple_a, layout_basic

Action                   || total
-------------------------++-------
Melee: Unarmed           ||    14
       Kick              ||     2
       Headbutt          ||     1
       Tailslap          ||     1
 Cast: Beastly Appendage ||     1
Armor: Skin              ||     5
Dodge: Dodged            ||    22
